 Dungeon Crawl Stone Soup version 0.22.1-2-g9c5b331 (webtiles) character file.

17650 Heatsaber the Slicer (level 12, -5/67 HPs)
             Began as a Vine Stalker Fighter on Dec 30, 2018.
             Was a High Priest of Zin.
             Slain by a stone giant (20 damage)
             ... on level 2 of the Orcish Mines.
             The game lasted 01:10:06 (10941 turns).

Heatsaber the Slicer (Vine Stalker Fighter)        Turns: 10941, Time: 01:10:07

Health: -5/67      AC: 22    Str: 23    XL:     12   Next: 50%
Magic:  0/27       EV:  5    Int: 12    God:    Zin [*****.]
Gold:   833        SH: 17    Dex: 16    Spells: 9/11 levels left

rFire    . . .     SeeInvis +   m - +5 rapier (elec)
rCold    . . .     Gourm    .   c - +1 shield
rNeg     . . .     Faith    .   E - +3 plate armour
rPois    .         Spirit   +   w - +2 hat
rElec    .         Reflect  .   l - +0 cloak
rCorr    .         Harm     .   (no gloves)
MR       +....                  H - +2 pair of boots {Fly}
Stlth    ..........             (no amulet)
HPRegen  1.01/turn              g - ring of magical power
MPRegen  0.20/turn              x - ring "Avocliry" {Str+3 SInv Stlth+}

@: flying
A: fangs 3, large bone plates 1, regeneration 2, strong 1, magic shield,
antimagic bite, no potion heal 3, rot immunity
a: Recite, Vitalisation, Imprison, Sanctuary, Donate Gold, Renounce Religion,
Stop Flying


You were on level 2 of the Orcish Mines.
You worshipped Zin.
Zin was extremely pleased with you.
You were not hungry.

You visited 4 branches of the dungeon, and saw 15 of its levels.
You also visited: Sewer.

You collected 1076 gold pieces.
You spent 136 gold pieces at shops.
You donated 107 gold pieces to Zin.

Inventory:

Hand Weapons
 a - a +0 rapier
 m - a +5 rapier of electrocution (weapon)
 n - the +1 arbalest of Skirmishing {velocity, rN+ Str+3 Dex+8}
   (You found it on level 9 of the Dungeon)

   Any bolt fired from it inflicts extra damage.
   It affects your strength (+3).
   It affects your dexterity (+8).
   It protects you from negative energy.
 q - the cursed +3 battleaxe of Terra Cotta {drain, rF+, unknown}
   (You found it on level 9 of the Dungeon)

   A truly terrible weapon, it drains the life of those it strikes.
   It protects you from fire.
   It has a curse placed upon it.
   Zin disapproves of the use of such an item.
 D - a +2 spear of flaming
 M - a +5 scimitar of slicing
 T - the +3 dagger of Traps {pierce, Str+4}
   (You found it on level 7 of the Dungeon)

   It inflicts extra damage upon your enemies.
   It affects your strength (+4).
 Y - a +1 dagger of venom
Missiles
 O - 5 tomahawks of returning (quivered)
 P - 2 needles of paralysis
 U - 15 tomahawks
 X - 30 poisoned needles
 Z - 5 steel javelins
Armour
 c - a +1 shield (worn)
 l - a +0 cloak (worn)
 w - a +2 hat (worn)
 z - the +0 leather armour of the Armadillo {rPois rF+ Int+3 SInv}
   (You found it on level 11 of the Dungeon)

   It affects your intelligence (+3).
   It protects you from fire.
   It protects you from poison.
   It lets you see invisible.
 E - a +3 plate armour (worn)
 H - a +2 pair of boots of flying (worn)
 V - a +0 plate armour
Jewellery
 g - a ring of magical power (left hand)
 i - an uncursed ring of fire
 p - a +2 ring of evasion
 s - the ring "Ynuuzom" {*Tele rPois rF+ Int+4 Stlth-}
   (You found it on level 9 of the Dungeon)

   [ring of teleportation]

   It may teleport you next to monsters.
   It affects your intelligence (+4).
   It protects you from fire.
   It protects you from poison.
   It makes you less stealthy.
 x - the ring "Avocliry" (right hand) {Str+3 SInv Stlth+}
   (You found it on level 11 of the Dungeon)

   [ring of strength]

   It affects your strength (+3).
   It lets you see invisible.
   It makes you more stealthy.
 R - an uncursed ring of protection from cold
Wands
 o - a wand of flame (34)
 u - a wand of digging (14)
 S - a wand of disintegration (31)
Scrolls
 j - a scroll of silence
 v - 6 scrolls of teleportation
 y - 5 scrolls of fog
 C - a scroll of immolation
 G - 4 scrolls of enchant weapon
 I - a scroll of brand weapon
 J - a scroll of blinking
 K - a scroll of magic mapping
 L - 3 scrolls of remove curse
Potions
 b - a potion of cancellation {unknown}
 d - 2 potions of might
 e - a potion of brilliance
 h - 3 potions of ambrosia
 k - 7 potions of agility
 r - a potion of berserk rage
 t - 3 potions of curing
 A - a potion of mutation
 B - 3 potions of resistance
 N - a potion of lignification {unknown}
Miscellaneous
 Q - a lightning rod (4/4)
Comestibles
 f - 20 rations


   Skills:
 + Level 9.7 Fighting
 - Level 10.0 Short Blades
 + Level 6.2 Armour
 + Level 9.8 Shields
 + Level 6.7 Invocations


You had 9 spell levels left.
You knew the following spells:

 Your Spells              Type           Power        Failure   Level  Hunger
a - Animate Skeleton      Necr           N/A          100%        1    ##.....
c - Apportation           Tloc           #.....       100%        1    ##.....

Your spell library contained the following spells:

 Spells                   Type           Power        Failure   Level  Hunger
 Confusing Touch          Hex            #.....       100%        1    ##.....
 Pain                     Necr           #...         100%        1    ##.....
 Summon Small Mammal      Summ           #...         100%        1    ##.....
 Regeneration             Chrm/Necr      #.........   100%        3    ####...
 Vampiric Draining        Necr           #.........   100%        3    ####...
 Animate Dead             Necr           N/A          100%        4    #####..


Dungeon Overview and Level Annotations

Branches:
Dungeon (11/15)            Temple (1/1) D:6            Lair (1/6) D:9
    Orc (2/2) D:11
    Elf: Orc:2

Altars:
Ashenzari
Cheibriados
Dithmenos
Elyvilon
Fedhas
Gozag
Hepliaklqana
Kikubaaqudgha
Makhleb
Nemelex Xobeh
Okawaru
Qazlal
Ru
Sif Muna
Trog
Uskayaw
Vehumet
Wu Jian
Xom
Yredelemnul
Zin
The Shining One
Beogh

Shops:
D:11 ?   Orc:2 %


Innate Abilities, Weirdness & Mutations

You have razor-sharp teeth.
You heal very quickly.
When hurt, damage is shared between your health and your magic reserves.
Your bite disrupts and absorbs the magic of your enemies.
Potions cannot restore your health.
You are immune to rotting.
You are partially covered in large bone plates. (SH +4)
Your muscles are strong. (Str +2)


Message History

You hit the stone giant. You bite the stone giant! You drain its power.
You feel invigorated.
The stone giant is lightly wounded.
The stone giant hits you.
You hit the stone giant but do no damage.
Lightning courses through the stone giant!
You bite the stone giant. You drain its power.
You feel invigorated.
The stone giant is moderately wounded.
You hit the stone giant.
You bite the stone giant, but do no damage.
The stone giant is moderately wounded.
The stone giant hits you!!
* * * LOW HITPOINT WARNING * * *
You hit the stone giant. Your bite misses the stone giant.
The stone giant is moderately wounded.
The stone giant hits you but does no damage.
You puncture the stone giant!
The stone giant is heavily wounded.
The stone giant hits you!!
You die...

.....................##
8................#...#
.. #............#...##
∩..##....#......##.##
#........)(.........#
.........(..........#
.#.......#.......##
.##.#.(#...........##
#......@............#
........C......#.#)..#
.................(..##
#.#......#..#....(..##
# ##........##.......#
#.#...##.###..(.#.##
#....... # #.......#
#...... ##...#.##
#..####


You could see a stone giant.

Vanquished Creatures
  2 stone giants
  2 hydras
  A two-headed ogre (Orc:2)
  Urug (D:11)
  An ugly thing (D:11)
  A spiny frog (Lair:1)
  The ghost of Frank the Slasher, a novice OpFi (D:4)
  A troll (D:11)
  Prince Ribbit (D:9)
  Eustachio (D:6)
  A hungry ghost (D:9)
  19 yaks
  Grum (D:8)
  A steam dragon (D:11)
  4 wargs (D:11)
  Edmund (D:5)
  2 water moccasins (D:8)
  A porcupine (Lair:1)
  6 sky beasts
  13 orc warriors
  An ice beast (D:7)
  2 black bears
  An eye of draining (D:8)
  A necrophage (D:8)
  10 ogres
  3 phantoms
  3 centaurs
  2 wolves (D:8)
  A crocodile (D:8)
  9 bullfrogs
  2 scorpions
  11 killer bees
  11 wights
  A howler monkey (D:11)
  A lava snake (D:8)
  4 crimson imps
  2 jellies
  A quasit (D:11)
  2 hounds
  Crazy Yiuf (D:7)
  14 orc priests
  A bullfrog skeleton (D:11)
  6 iguanas
  10 worker ants
  21 orc wizards
  2 killer bee zombies
  2 hound zombies
  A hound skeleton (D:7)
  A howler monkey zombie (D:10)
  Robin (D:2)
  A worker ant zombie (D:7)
  3 gnolls (D:3)
  12 adders
  2 shadow imps
  2 adder skeletons
  An adder zombie (D:6)
  2 worms
  2 dart slugs (D:2)
  10 leopard geckos
  73 orcs
  4 ball pythons
  15 giant cockroaches
  8 hobgoblins
  5 jackals
  3 quokkas
  A ball python zombie (D:5)
  9 bats
  9 frilled lizards
  19 goblins
  5 kobolds
  A leopard gecko skeleton (D:7)
  2 quokka skeletons
  4 rats
  4 plants (D:9)
386 creatures vanquished.

Vanquished Creatures (others)
  An orc (Orc:1)
1 creature vanquished.

Grand Total: 387 creatures vanquished

Notes
Turn   | Place    | Note
-------+----------+-------------------------------------------
     0 | D:1      | Heatsaber the Vine Stalker Fighter began the quest for the
                  | Orb.
     0 | D:1      | Reached XP level 1. HP: 11/11 MP: 2/2
    39 | D:1      | Reached skill level 2 in Short Blades
   125 | D:1      | Reached XP level 2. HP: 12/16 MP: 1/3
   737 | D:2      | Reached XP level 3. HP: 19/19 MP: 4/4
   818 | D:2      | Noticed Robin
  1135 | D:2      | Killed Robin
  1171 | D:2      | Reached skill level 3 in Short Blades
  1171 | D:2      | Gained mutation: Your natural rate of healing is unusually
                  | fast. [Vine Stalker growth]
  1171 | D:2      | Reached XP level 4. HP: 23/24 MP: 5/5
  1396 | D:2      | Found an ornate altar of the Wu Jian Council.
  1836 | D:3      | Learned a level 1 spell: Animate Skeleton
  1838 | D:3      | Learned a level 1 spell: Pain
  1918 | D:3      | Noticed a sky beast
  1931 | D:3      | Killed a sky beast
  1931 | D:3      | Reached XP level 5. HP: 20/28 MP: 4/6
  2008 | D:3      | Reached skill level 4 in Short Blades
  2031 | D:3      | Reached XP level 6. HP: 31/33 MP: 7/7
  2215 | D:3      | Found a hide-covered altar of Uskayaw.
  2216 | D:3      | Found a snail-covered altar of Cheibriados.
  2218 | D:3      | Found a hazy altar of Hepliaklqana.
  2393 | D:4      | Gained mutation: You are frail. (-10% HP) [potion of
                  | mutation]
  2393 | D:4      | Gained mutation: Your muscles are strong. (Str +2) [potion
                  | of mutation]
  2393 | D:4      | Gained mutation: You occasionally shout uncontrollably at
                  | your foes. [potion of mutation]
  2393 | D:4      | Gained mutation: You expend magic power (3 MP) to
                  | strengthen your wands. [potion of mutation]
  2394 | D:4      | Lost mutation: You are frail. (-10% HP) [potion of
                  | mutation]
  2394 | D:4      | Lost mutation: You occasionally shout uncontrollably at
                  | your foes. [potion of mutation]
  2394 | D:4      | Lost mutation: You expend magic power (3 MP) to strengthen
                  | your wands. [potion of mutation]
  2394 | D:4      | Gained mutation: You are frail. (-10% HP) [potion of
                  | mutation]
  2394 | D:4      | Gained mutation: You are partially covered in large bone
                  | plates. (SH +4) [potion of mutation]
  2395 | D:4      | Lost mutation: Your muscles are strong. (Str +2) [potion of
                  | mutation]
  2395 | D:4      | Lost mutation: You are frail. (-10% HP) [potion of
                  | mutation]
  2395 | D:4      | Gained mutation: Your muscles are strong. (Str +2) [potion
                  | of mutation]
  2399 | D:4      | Noticed a phantom
  2441 | D:4      | Killed a phantom
  2685 | D:4      | Reached XP level 7. HP: 34/37 MP: 6/8
  2741 | D:4      | Learned a level 1 spell: Apportation
  2744 | D:4      | Noticed Frank's ghost (novice OpFi)
  2746 | D:4      | Found a runed door.
  2755 | D:4      | Reached skill level 5 in Short Blades
  2784 | D:4      | Killed Frank's ghost
  3245 | D:5      | Entered Level 5 of the Dungeon
  3298 | D:5      | Gained mutation: You have razor-sharp teeth. [Vine Stalker
                  | growth]
  3298 | D:5      | Reached XP level 8. HP: 38/42 MP: 9/9
  3301 | D:5      | Reached skill level 6 in Short Blades
  3335 | D:5      | Found an opulent altar of Gozag.
  3335 | D:5      | Found a stormy altar of Qazlal.
  3369 | D:5      | Reached skill level 5 in Shields
  3479 | D:5      | Reached skill level 5 in Fighting
  3541 | D:5      | Found a glowing drain.
  3560 | Sewer    | Entered a sewer
  4169 | D:5      | Noticed Edmund
  4187 | D:5      | Killed Edmund
  4187 | D:5      | Reached skill level 7 in Short Blades
  4608 | D:6      | Reached XP level 9. HP: 45/48 MP: 10/10
  4840 | D:6      | Found a burning altar of Makhleb.
  4927 | D:6      | Noticed Eustachio
  4947 | D:6      | Killed Eustachio
  4986 | D:6      | Found a staircase to the Ecumenical Temple.
  4988 | D:6      | Reached skill level 8 in Short Blades
  5001 | Temple   | Entered the Ecumenical Temple
  5068 | Temple   | Became a worshipper of Elyvilon the Healer
  5433 | D:7      | Got a crude dagger
  5434 | D:7      | Identified the +3 dagger of Traps {pierce, Str+4} (You
                  | found it on level 7 of the Dungeon)
  5908 | D:7      | Reached skill level 9 in Short Blades
  5971 | D:7      | Found a radiant altar of Vehumet.
  6017 | D:7      | Reached * piety under Elyvilon
  6061 | D:7      | Reached XP level 10. HP: 53/53 MP: 11/11
  6167 | D:7      | Found a runed door.
  6171 | D:7      | Noticed Crazy Yiuf
  6176 | D:7      | Killed Crazy Yiuf
  6229 | D:7      | Found a glowing silver altar of Zin.
  6304 | D:7      | Fell from the grace of Elyvilon
  6304 | D:7      | Became a worshipper of Zin the Law-Giver
  6304 | D:7      | Reached * piety under Zin
  6304 | D:7      | Reached ** piety under Zin
  6796 | D:8      | Noticed Grum
  6851 | D:8      | Reached skill level 10 in Short Blades
  6858 | D:8      | Killed Grum
  6994 | D:8      | Reached *** piety under Zin
  7270 | D:9      | Found a staircase to the Lair.
  7488 | D:9      | Got a slimy arbalest
  7500 | D:9      | Identified the +1 arbalest of Skirmishing {velocity, rN+
                  | Str+3 Dex+8} (You found it on level 9 of the Dungeon)
  7542 | D:9      | Got a bloodstained battleaxe
  7595 | D:9      | Reached skill level 1 in Invocations
  7685 | D:9      | Noticed Prince Ribbit
  7703 | D:9      | Killed Prince Ribbit
  7799 | D:9      | Got a wavering jade ring
  7801 | D:9      | Identified the ring "Ynuuzom" {*Tele rPois rF+ Int+4
                  | Stlth-} (You found it on level 9 of the Dungeon)
  8167 | D:10     | Entered Level 10 of the Dungeon
  8167 | D:10     | Noticed an eight-headed hydra
  8181 | D:10     | Killed an eight-headed hydra
  8181 | D:10     | Reached XP level 11. HP: 19/60 MP: 12/14
  8872 | Lair:1   | Entered Level 1 of the Lair of Beasts
  8973 | Lair:1   | Reached **** piety under Zin
  9101 | D:11     | Got a wavering iron ring
  9103 | D:11     | Identified the ring "Avocliry" {Str+3 SInv Stlth+} (You
                  | found it on level 11 of the Dungeon)
  9194 | D:11     | Noticed a four-headed hydra
  9211 | D:11     | Killed a four-headed hydra
  9221 | D:11     | Found Conin's Magic Scroll Shop.
  9224 | D:11     | Bought a scroll of silence for 97 gold pieces
  9224 | D:11     | Bought a scroll of teleportation for 39 gold pieces
  9395 | D:11     | Reached skill level 5 in Invocations
  9511 | D:11     | Reached skill level 5 in Armour
  9545 | D:11     | Found a staircase to the Orcish Mines.
  9596 | D:11     | Noticed a cyan ugly thing
  9622 | D:11     | Killed a cyan ugly thing
  9771 | D:11     | Noticed Urug
  9797 | D:11     | Killed Urug
  9797 | D:11     | Gained mutation: You heal very quickly. [Vine Stalker
                  | growth]
  9797 | D:11     | Reached XP level 12. HP: 40/66 MP: 17/17
  9812 | D:11     | Identified a scroll of acquirement
 10030 | D:11     | Got a smoking leather armour
 10041 | D:11     | Identified the +0 leather armour of the Armadillo {rPois
                  | rF+ Int+3 SInv} (You found it on level 11 of the Dungeon)
 10129 | Orc:1    | Entered Level 1 of the Orcish Mines
 10436 | Orc:1    | Noticed a stone giant
 10482 | Orc:1    | Killed a stone giant
 10556 | Orc:1    | Reached ***** piety under Zin
 10698 | Orc:1    | Found a roughly hewn altar of Beogh.
 10789 | Orc:2    | Entered Level 2 of the Orcish Mines
 10852 | Orc:2    | Noticed a stone giant
 10869 | Orc:2    | Killed a stone giant
 10921 | Orc:2    | Noticed a two-headed ogre
 10928 | Orc:2    | Noticed a stone giant
 10932 | Orc:2    | Killed a two-headed ogre
 10935 | Orc:2    | Found Liaph's Food Boutique.
 10941 | Orc:2    | Slain by a stone giant

Skill      XL: |  1  2  3  4  5  6  7  8  9 10 11 12 |
---------------+-------------------------------------+-----
Short Blades   | 2 3 4 5 7 9 10 | 10.0
Shields        | 3 4 5 6 8 9 |  9.8
Fighting       | 3 4 5 6 8 9 |  9.7
Invocations    | 2 5 6 |  6.7
Armour         | 3 5 6 |  6.2

Action                   |  1- 3 |  4- 6 |  7- 9 | 10-12 || total
-------------------------+-------+-------+-------+-------++-------
Melee: Rapier            |    91 |       |    23 |   180 ||   294
       Bite              |    33 |    64 |   223 |   326 ||   646
       Dagger            |    23 |   192 |   515 |   623 ||  1353
Throw: Tomahawk          |       |       |     1 |     7 ||     8
Invok: Recite            |       |       |       |    16 ||    16
       Vitalisation      |       |       |       |     1 ||     1
 Abil: Evoke Flight      |       |       |     1 |       ||     1
Evoke: Wand              |       |       |     2 |     1 ||     3
  Use: Scroll            |       |     8 |    10 |     7 ||    25
       Potion            |       |     3 |       |     1 ||     4
 Stab: Confused          |       |       |       |     6 ||     6
       Invisible         |       |       |       |     3 ||     3
       Paralysed         |       |       |       |     3 ||     3
  Eat: Chunk             |     1 |     5 |    12 |    14 ||    32
       Ration            |       |       |       |     1 ||     1
Armor: Scale mail        |    43 |     1 |       |       ||    44
       Chain mail        |       |    70 |    91 |       ||   161
       Plate armour      |       |       |    17 |   139 ||   156
Dodge: Dodged            |    34 |    21 |    64 |    59 ||   178
Block: Shield            |    48 |    74 |   269 |   365 ||   756
